 Dungeon Crawl Stone Soup version 0.29-a0-222-g5b244fca1f (webtiles) character file.

Game seed: 14815033892809871964

39 tilp the Chiller (level 3, 14/14 HPs)
             Began as a Felid Ice Elementalist on Feb 27, 2022.
             Quit the game on level 2 of the Dungeon.
             The game lasted 00:02:21 (1782 turns).

tilp the Chiller (Felid Ice Elementalist)           Turns: 1782, Time: 00:02:21

Health: 14/14      AC:  1    Str:  4    XL:     3   Next: 26%
Magic:  8/8        EV: 17    Int: 18    God:
Gold:   28         SH:  0    Dex: 16    Spells: 0/7 levels left
                                        Lives:  0   Deaths: 1

rFire   . . .      SeeInvis +   (weapon unavailable)
rCold   . . .      Faith    .   (shield unavailable)
rNeg    . . .      Spirit   .   (body armour unavailable)
rPois   .          Reflect  .   (helmet unavailable)
rElec   .          Harm     .   (cloak unavailable)
rCorr   .          Rampage  .   (gloves unavailable)
Will    .....                   (boots unavailable)
Stlth   ++........              (no amulet)
HPRegen 0.04/turn               (no ring)
MPRegen 0.11/turn               (no ring)

@: quick
A: very small, claws 1, fangs 3, see invisible, speed 1, shaggy fur 1, stealthy
paws, no weapons or thrown items, no armour, multi-lived
a: no special abilities


You were on level 2 of the Dungeon.
You visited 1 branch of the dungeon, and saw 2 of its levels.

You collected 64 gold pieces.
You spent 36 gold pieces at shops.

Inventory:

Jewellery
 b - a ring of fire
Scrolls
 a - 3 scrolls of amnesia
 e - a scroll of fog


   Skills:
 - Level 2.6 Dodging
 - Level 2.6 Stealth
 + Level 2.9 Spellcasting
 * Level 4.8 Ice Magic


You couldn't memorise any spells.
You knew the following spells:

 Your Spells              Type           Power      Damage    Failure   Level
a - Freeze                Ice            80%        1d9       2%          1
b - Frozen Ramparts       Ice            40%        1d6       7%          3
c - Ozocubu's Armour      Ice            20%        N/A       7%          3

Your spell library contained the following spells:

 Spells                   Type           Power      Damage    Failure   Level
 Hailstorm                Conj/Ice       11%        3d5       52%         4


Dungeon Overview and Level Annotations

Branches:
Dungeon (2/15)

Altars:

Shops:
D:1 ?

Annotations:
D:2 Robin


Innate Abilities, Weirdness & Mutations

You have sharp claws.
You have razor-sharp teeth.
You have supernaturally acute eyesight. (SInv)
You cover ground quickly. (Speed+)
You are covered in fur. (AC +1)
Your paws help you pounce on unaware monsters.
You are incapable of wielding weapons or throwing items.
You cannot wear armour.
You gain extra lives every three experience levels.


Message History

Casting: Frozen Ramparts (extremely dangerous; 7% risk of failure)
Confirm with . or Enter, or press ? or * to list all spells.
The spell is extremely dangerous to miscast (7% risk of failure)!
Continue anyway?
A film of ice covers your body!
A goblin comes into view. It is wielding a +0 dagger.
The wall freezes Robin.
Robin says, "We wiped out the hill dwarves - you're next!"
Robin barely misses you.
The goblin moves out of view.
Unknown command.
Unknown command.
The wall freezes Robin.
Robin barely misses you.
Unknown command.
The wall freezes Robin.
Robin throws the goblin at you!
Unknown command.
Casting: Ozocubu's Armour (extremely dangerous; 7% risk of failure)
Confirm with . or Enter, or press ? or * to list all spells.
Aiming: Freeze (safe; 2% risk of failure)
Press: ? - help, Shift-Dir - straight line, f - goblin
Aim: a goblin, wielding a +0 dagger You freeze the goblin.
The goblin is moderately wounded.
The goblin barely misses you.
The wall freezes Robin.
Robin zaps a wand.
The puff of flame hits you!
Ouch! That really hurt!
* * * LOW HITPOINT WARNING * * *
The heat melts your icy armour.
Unknown command.
Casting: Freeze (safe; 2% risk of failure)
Confirm with . or Enter, or press ? or * to list all spells.
Aiming: Freeze (safe; 2% risk of failure)
Press: ? - help, Shift-Dir - straight line, f/p - goblin
Aim: a goblin, wielding a +0 dagger (moderately wounded)
You freeze the goblin!
You kill the goblin!
The rat closely misses you.
The wall freezes Robin.
Robin hits you from afar with a +0 spear.
You die...
You are now level 3!
You rejoin the land of the living...
Are you sure you want to abandon this character and quit the game? (Confirm with "yes".)

....#.#....#...###......##....##.
#####.#....#............'......+.
#####.#....# ...........########.
......#..### ......#+#.........).
......#....# ##....#.#.##[......#
.....##....####....#.#.##.......#
.............##....#.#.##.......#
###..........#######.#..'.......+
.#..............@....#.##.......#
.#...##(.#.......#########.......
.#..####.........'.......'.......
.#.. +..###....##...####.......
.# #..#......##...# #...#### .#
#..#...####....# #...##.. .# ..
#...# #[...# #...##.. ## #. #####
##....# ######[. #.....# #....


There were no monsters in sight!

Vanquished Creatures
  A hound (D:2)
  An adder (D:2)
  A dart slug (D:1)
  3 bats (D:1)
  4 endoplasms
  A giant cockroach (D:2)
  14 goblins
  5 hobgoblins
  2 quokkas
  4 ball pythons
  A kobold (D:2)
  A rat (D:1)
38 creatures vanquished.

Notes
Turn   | Place    | Note
-------+----------+-------------------------------------------
     0 | D:1      | tilp the Felid Ice Elementalist began the quest for the
                  | Orb.
     0 | D:1      | Reached XP level 1. HP: 7/7 MP: 4/4
   185 | D:1      | Reached XP level 2. HP: 9/11 MP: 1/6
   304 | D:1      | Reached skill level 4 in Ice Magic
   396 | D:1      | Found Wutaguo's Magic Scroll Shop.
   513 | D:1      | Bought a scroll of noise for 12 gold pieces
   513 | D:1      | Bought a scroll of fog for 24 gold pieces
   577 | D:1      | Found a faded altar of an unknown god.
   721 | D:2      | Reached XP level 3. HP: 8/14 MP: 2/7
   725 | D:2      | Learned a level 3 spell: Frozen Ramparts
  1244 | D:2      | Noticed Robin
  1289 | D:2      | Learned a level 3 spell: Ozocubu's Armour
  1576 | D:2      | Reached XP level 4. HP: 18/18 MP: 0/9
  1781 | D:2      | Slain by Robin
  1782 | D:2      | Reached XP level 3. HP: 0/14 MP: 1/8
  1782 | D:2      | Quit the game

Illustrated notes

Levels and vault maps discovered:
D:1:      scummos_arrival_gate, layout_rooms,
          ebering_ecumenical_altar_sacrificial, serial_shops, shop
D:2:      layout_basic, supply_closet_lemuel, uniq_robin

Skill      XL: |  1  2 |
---------------+-------+-----
Ice Magic      | 4 |  4.8
Dodging        | |  2.6
Stealth        | |  2.6
Spellcasting   | |  2.9

Action                   |  1- 3 |  4- 6 || total
-------------------------+-------+-------++-------
Melee: Unarmed           |    13 |     2 ||    15
       Bite              |       |     1 ||     1
 Cast: Freeze            |    33 |     3 ||    36
       Frozen Ramparts   |     3 |     1 ||     4
       Ozocubu's Armour  |     1 |     1 ||     2
  Use: Scroll            |     2 |       ||     2
 Stab: Sleeping          |     6 |       ||     6
Armor: Skin              |     2 |     1 ||     3
Dodge: Dodged            |    24 |     6 ||    30

Table legend: (Time is in decaauts)
 A = Elapsed time spent in this place.
 B = Non-inter-level travel time spent in this place.
 C = Inter-level travel time spent in this place.
 D = Time resting spent in this place.
 E = Time spent auto-exploring this place.
 F = Levels seen in this place.
 G = Mean time per level.
                   A        B        C        D        E       F      G
               +--------+--------+--------+--------+--------+-----+--------+
         Total |   1628 |   1618 |     10 |    393 |    994 |   2 |  814.0 |
       Dungeon |   1628 |   1618 |     10 |    393 |    994 |   2 |  814.0 |
               +--------+--------+--------+--------+--------+-----+--------+

Top non-repeatable levels by time:
     D:2: 1067 daAuts
     D:1: 561 daAuts
